AoeStats
← mhmmdrkr

Arena

510176620Analyzed
1v1 RM · 19h ago on Sep 29, 2026· 44m 28s· 2 players
Game mode
Random Map
Map size
Tiny (2 player)
Population
200
Speed
Normal
Resources
Standard
Victory
Conquest
Starting age
Dark Age
Ending age
Imperial Age
RankedLock teamsTeams togetherTeam positionsShared explorationLock speedFull tech treeHidden civsTurbo modeCheats
Victory
Defeat
🇩🇪 Mongols · Germany
683
+16
🇹🇷 Teutons · Türkiye
685
-16
Зŋτə.
11:28 Feudal Age
13:39 Loom
16:18 Castle Age
14:37 Horse Collar
16:06 Double-Bit Axe
17:38 Gold Mining
21:49 Bow Saw
21:54 Heavy Plow
22:53 Wheelbarrow
25:28 Forging
25:09 Fletching
25:19 Padded Archer Armor
25:26 Scale Barding Armor
26:35 Hand Cart
27:10 Murder Holes
29:28 Gold Shaft Mining
28:47 Stone Mining
29:55 Iron Casting
31:03 Thumb Ring
30:59 Town Watch
32:52 Bloodlines
32:43 Husbandry
32:46 Bodkin Arrow
33:06 Leather Archer Armor
38:58 Imperial Age
36:29 Town Patrol
39:32 Ballistics
39:34 Chain Barding Armor
42:59 Blast Furnace
42:00 Bracer
43:03 Chemistry
42:35 Parthian Tactics
41:33 Elite Steppe Lancer
mhmmdrkr
0:31 Loom
11:36 Feudal Age
13:01 Wheelbarrow
12:12 Town Watch
12:15 Double-Bit Axe
15:52 Gold Mining
16:47 Arson
20:42 Castle Age
19:47 Scale Barding Armor
19:54 Forging
20:22 Fletching
20:33 Padded Archer Armor
20:47 Bloodlines
21:25 Pikeman
22:26 Elite Skirmisher
26:29 Iron Casting
27:08 Stone Mining
28:59 Chain Barding Armor
28:54 Bodkin Arrow
29:37 Horse Collar
30:11 Bow Saw
32:34 Leather Archer Armor
32:46 Town Patrol
39:04 Ballistics
41:18 Ironclad
41:36 Hand Cart
Connection lost

Rejoining the realm…

Still unreachable

The connection could not be restored.

Session expired

The server has moved on; the page needs a fresh start.